AoeStats
← JUNIOR

QS Arena

503151104Analyzed
1v1 RM · 1mo ago on Aug 30, 2026· 18m 16s· 2 players
Game mode
Random Map
Map size
Tiny (2 player)
Population
200
Speed
Normal
Resources
Standard
Victory
Conquest
Starting age
Dark Age
Ending age
Imperial Age
RankedLock teamsTeams togetherTeam positionsShared explorationLock speedFull tech treeHidden civsTurbo modeCheats
Victory
Defeat
🇧🇷 Khmer · Brazil
997
+16
🇨🇳 Magyars · China
988
-16
charain
9:55 Feudal Age
13:28 Castle Age
11:17 Double-Bit Axe
11:15 Horse Collar
12:16 Stone Mining
14:43 Bow Saw
18:50 Wheelbarrow
JUNIOR
9:01 Feudal Age
14:04 Castle Age
14:22 Loom
Connection lost

Rejoining the realm…

Still unreachable

The connection could not be restored.

Session expired

The server has moved on; the page needs a fresh start.